 Dungeon Crawl Stone Soup version 0.26-a0-61-g6c07f0ee8d (webtiles) character file.

Game seed: 17931925439471555571

40222 Error4North the Cleaver (level 14, -5/127 HPs)
             Began as a Hill Orc Fighter on May 26, 2020.
             Was a High Priest of Okawaru.
             Slain by an orc knight
             ... wielding a +0 great sword
              (16 damage)
             ... on level 2 of the Orcish Mines on June 9, 2020.
             The game lasted 01:21:50 (18839 turns).

Error4North the Cleaver (Hill Orc Fighter)         Turns: 18839, Time: 01:21:51

Health: -5/127     AC: 26    Str: 27    XL:     14   Next: 10%
Magic:  23/23      EV: 16    Int: 14    God:    Okawaru [*****.]
Gold:   881        SH: 18    Dex: 14    Spells: 13/13 levels left

rFire    + + +     SeeInvis .   c - +6 hand axe of Light {vamp, +Fly Str+3 Int+3 Dex+4}
rCold    . . .     Gourm    .   d - +2 kite shield
rNeg     + . .     Faith    .   s - +1 plate armour of Lies {rF+++ rN+ Int+3 Stlth-} (curse)
rPois    .         Spirit   .   (no helmet)
rElec    .         Reflect  .   M - +2 cloak {rCorr}
rCorr    +         Harm     .   I - +0 pair of gloves {archery}
MR       +....                  p - +1 pair of boots
Stlth    ..........             N - amulet of magic regeneration
HPRegen  0.31/turn              l - ring of protection from fire
MPRegen  0.43/turn              y - +4 ring of evasion

@: about to teleport, heroism, finesse, lightly drained
A: high mp 1, MP-powered wands
a: Heroism, Finesse, Renounce Religion, Evoke Flight


You were on level 2 of the Orcish Mines.
You worshipped Okawaru.
Okawaru was extremely pleased with you.
You were hungry.

You visited 4 branches of the dungeon, and saw 17 of its levels.
You also visited: Sewer, Ossuary and Bailey.

You collected 1946 gold pieces.
You spent 1065 gold pieces at shops.

Inventory:

Hand Weapons
 c - the +6 hand axe of Light (weapon) {vamp, +Fly Str+3 Int+3 Dex+4}
   (Okawaru gifted it to you on level 1 of the Orcish Mines)

   It inflicts no extra harm, but heals its wielder when it wounds a living foe.
   It affects your strength (+3).
   It affects your intelligence (+3).
   It affects your dexterity (+4).
   It lets you fly.
Missiles
 b - 23 boomerangs (quivered)
 G - 4 silver boomerangs
Armour
 d - a +2 kite shield (worn)
 m - a scarf of repulsion
 p - a +1 pair of boots (worn)
 s - the cursed +1 plate armour of Lies (worn) {rF+++ rN+ Int+3 Stlth-}
   (You bought it in a shop on level 2 of the Orcish Mines)

   It affects your intelligence (+3).
   It renders you almost immune to fire.
   It protects you from negative energy.
   It makes you less stealthy.
   It has a curse placed upon it.
 v - the +4 chain mail "Tubesopu" {rN++ Int+4}
   (You found it on level 9 of the Dungeon)

   It affects your intelligence (+4).
   It greatly protects you from negative energy.
 I - a +0 pair of gloves of archery (worn)
 M - a +2 cloak of preservation (worn)
 O - the +3 buckler of Distant Shores {rN++ rCorr Dex+3}
   (You found it on level 1 of the Lair of Beasts)

   It affects your dexterity (+3).
   It greatly protects you from negative energy.
   It provides partial protection from all sources of acid and corrosion.
Jewellery
 l - a ring of protection from fire (left hand)
 y - a +4 ring of evasion (right hand)
 D - an uncursed ring of protection from cold
 N - an amulet of magic regeneration (around neck)
Wands
 q - a wand of flame (2)
 r - a wand of acid (12)
 z - a wand of digging (4)
 H - a wand of polymorph (5)
Scrolls
 g - 7 scrolls of identify
 h - 9 scrolls of remove curse
 i - 3 scrolls of amnesia
 k - 9 scrolls of teleportation
 o - 5 scrolls of fear
 t - 4 scrolls of enchant weapon
 u - 2 scrolls of fog
 w - 3 scrolls of blinking
Potions
 e - a potion of mutation
 j - 6 potions of brilliance {unknown}
 A - a potion of haste
 B - 2 potions of flight
 C - a potion of cancellation
 E - 4 potions of curing
 F - a potion of resistance
 K - a potion of stabbing
Miscellaneous
 J - a phantom mirror
Comestibles
 f - 18 rations
 n - 13 chunks of flesh


   Skills:
 * Level 12.4(17.3) Fighting
 + Level 14.6(19.5) Axes
 + Level 1.2(6.1) Throwing
 * Level 11.4(16.3) Armour
 + Level 2.5(7.4) Dodging
 + Level 0.4(5.3) Stealth
 * Level 13.8(18.7) Shields
 * Level 9.4(9.3) Invocations
 * Level 4.2(4.1) Evocations


You had 13 spell levels left.
You didn't know any spells.
Your spell library contained the following spells:

 Spells                   Type           Power        Failure   Level  Hunger
 Animate Skeleton         Necr           N/A          86%         1    ##.....
 Corona                   Hex            #......      86%         1    ##.....
 Foxfire                  Conj/Fire      #...         86%         1    ##.....
 Pain                     Necr           #...         86%         1    ##.....
 Blink                    Tloc           N/A          95%         2    ###....
 Ensorcelled Hibernation  Hex/Ice        #.....       95%         2    ###....
 Shroud of Golubria       Chrm/Tloc      #.....       95%         2    ###....
 Confusing Touch          Hex            #.......     99%         3    ####...
 Conjure Flame            Conj/Fire      #.......     99%         3    ####...
 Dazzling Flash           Conj/Hex       #.....       99%         3    ####...
 Gell's Gravitas          Tloc           #.........   99%         3    ####...
 Inner Flame              Hex/Fire       #.......     99%         3    ####...
 Lesser Beckoning         Tloc           #.........   99%         3    ####...
 Teleport Other           Tloc           #.......     99%         3    ####...
 Tukima's Dance           Hex            #.......     99%         3    ####...
 Vampiric Draining        Necr           #.........   99%         3    ####...
 Animate Dead             Necr           N/A          100%        4    #####..
 Passage of Golubria      Tloc           N/A          100%        4    #####..
 Petrify                  Tmut/Erth      #.......     100%        4    #####..
 Sticky Flame             Conj/Fire      #.......     100%        4    #####..
 Agony                    Necr           #.......     100%        5    ######.
 Fireball                 Conj/Fire      #.........   100%        5    ######.
 Metabolic Englaciation   Hex/Ice        #.........   100%        5    ######.
 Yara's Violent Unravell  Hex/Tmut       #.........   100%        5    ######.


Dungeon Overview and Level Annotations

Branches:
Dungeon (11/15)            Temple (1/1) D:6            Lair (3/6) D:8
  Swamp (0/4) Lair:2          Orc (2/2) D:11          Sewer (visited)
Ossuary (visited)          Bailey (visited)
  Snake: Lair:2-4    Spider: Lair:2-4       Elf: Orc:2

Altars:
Ashenzari
Cheibriados
Dithmenos
Elyvilon
Fedhas
Gozag
Hepliaklqana
Kikubaaqudgha
Makhleb
Nemelex Xobeh
Okawaru
Qazlal
Ru
Sif Muna
Trog
Uskayaw
Vehumet
Wu Jian
Xom
Yredelemnul
Zin
The Shining One

Shops:
D:5 [   Orc:2 [*

Portals:
Trove: D:10 (give 8 potions of haste)


Innate Abilities, Weirdness & Mutations

You have an increased reservoir of magic. (+10% MP)
You expend magic power (3 MP) to strengthen your wands.


Message History

You feel less invigorated.
You feel less confused.
The orc warlord hits you with a +0 broad axe!
* * * LOW HITPOINT WARNING * * *
As you read the scroll of teleportation, it crumbles to dust.
You feel strangely unstable.
The orc warlord no longer looks unusually strong.
The orc knight roars a battlecry!
The orc warlord goes into a battle-frenzy!
You closely miss the orc warlord.
The orc warlord is heavily wounded.
You slash the orc knight!
You feel better. You block the orc warlord's attack.
You hit the orc warlord.
You feel better.
The orc warlord is heavily wounded.
You closely miss the orc knight.
Your plate armour of Lies prevents you from hitting the orc warlord.
The orc warlord is heavily wounded.
You closely miss the orc knight.
The orc knight hits you with a +0 great sword!
You die...

.P........∩....
......P.......P
.P..............
...P............
P.P......P.P....
................
#......).......
#####..#.#o@.......
##..#......#o).#....
#....#.....).)......
#........[)))......
#........).)......
#......)..........
##................
####..)............
##..##..........#...


You could see an orc warlord (strong) and an orc knight (strong).

Vanquished Creatures
  Harold (D:9)
  A hydra (Lair:1)
  2 two-headed ogres
  A queen ant (D:8)
  3 death yaks
  5 orc high priests
  Pikel (D:8)
  A flayed ghost (D:9)
  3 orc knights
  An orc sorcerer (Orc:2)
  A manticore (D:9)
  2 ugly things (D:11)
  2 cyclopes
  Maurice (D:10)
  5 elephants (Lair:3)
  8 spiny frogs
  2 black mambas
  2 rime drakes
  A gargoyle (D:9)
  A komodo dragon (Lair:1)
  A guardian mummy (D:10)
  A troll (Orc:2)
  A queen bee (D:8)
  2 wolf spider simulacra (Lair:1)
  2 hippogriffs
  3 wyverns
  5 wraiths (D:9)
  18 yaks
  15 fire bats (D:9)
  2 humans (D:7)
  Grum (D:10)
  A steam dragon (D:9)
  2 wargs (Orc:2)
  3 hungry ghosts
  A two-headed ogre zombie (D:11)
  5 water moccasins
  15 soldier ants
  3 porcupines (Lair:1)
  18 orc warriors
  2 black bears (D:11)
  A necrophage (D:8)
  2 ice beasts (D:9)
  2 sky beasts
  4 phantoms
  A slave (D:8)
  12 ogres
  A black mamba simulacrum (Lair:1)
  3 centaurs
  2 wolves (D:10)
  5 crocodiles
  10 bullfrogs
  A gnoll sergeant (D:7)
  A spiny frog simulacrum (Lair:1)
  2 troll zombies (D:11)
  5 scorpions
  46 killer bees
  A howler monkey (D:6)
  5 wights (D:6)
  7 crimson imps
  A quasit (D:5)
  A hound (D:4)
  11 orc priests
  2 centaur skeletons
  Crazy Yiuf (D:2)
  A jelly (D:9)
  2 bullfrog skeletons
  2 iguanas (D:8)
  13 orc wizards
  33 worker ants
  3 bullfrog simulacra (Lair:1)
  A big kobold zombie (Ossuary)
  5 ogre zombies (D:11)
  9 mummies
  A hound skeleton (D:4)
  4 gnolls
  A worker ant zombie (D:9)
  18 adders
  A shadow imp (D:11)
  9 oozes (Sewer)
  An adder zombie (D:6)
  3 worms
  An adder skeleton (D:5)
  4 dart slugs
  18 leopard geckos
  56 orcs
  7 ball pythons
  22 giant cockroaches
  17 goblins
  14 hobgoblins
  13 jackals
  8 quokkas
  79 bats
  11 frilled lizards
  2 gnoll zombies (Ossuary)
  2 goblin zombies (D:11)
  7 hobgoblin zombies
  25 kobolds
  2 kobold zombies (Ossuary)
  A leopard gecko skeleton (D:4)
  5 orc skeletons (D:11)
  14 orc zombies (D:11)
  9 rats
  A bush (D:6)
  2 fungi
699 creatures vanquished.

Vanquished Creatures (others)
  3 slaves (D:8)
  2 killer bees
  2 fungi
7 creatures vanquished.

Grand Total: 706 creatures vanquished

Notes
Turn   | Place    | Note
-------+----------+-------------------------------------------
     0 | D:1      | Error4North the Hill Orc Fighter began the quest for the
                  | Orb.
     0 | D:1      | Reached XP level 1. HP: 19/19 MP: 1/1
   112 | D:1      | Reached XP level 2. HP: 19/27 MP: 2/2
   212 | D:1      | Reached skill level 3 in Axes
   478 | D:1      | Reached XP level 3. HP: 21/33 MP: 3/3
  1252 | D:2      | Reached XP level 4. HP: 34/40 MP: 4/4
  1508 | D:2      | Found an opulent altar of Gozag.
  1664 | D:2      | Found a glowing silver altar of Zin.
  1920 | D:2      | Found an ancient bone altar of Kikubaaqudgha.
  1935 | D:2      | Found a blossoming altar of Fedhas.
  2181 | D:2      | Found a runed translucent door.
  2182 | D:2      | Noticed Crazy Yiuf
  2199 | D:2      | Killed Crazy Yiuf
  2199 | D:2      | Reached skill level 4 in Axes
  2199 | D:2      | Reached XP level 5. HP: 13/47 MP: 5/5
  3362 | D:3      | Reached XP level 6. HP: 43/53 MP: 6/6
  3700 | D:4      | Reached skill level 5 in Fighting
  3700 | D:4      | Reached skill level 5 in Axes
  3700 | D:4      | Reached skill level 5 in Armour
  3836 | D:4      | Reached skill level 1 in Dodging
  3939 | D:4      | Reached XP level 7. HP: 61/61 MP: 7/7
  4210 | D:4      | Reached skill level 5 in Shields
  4598 | D:5      | Entered Level 5 of the Dungeon
  4622 | D:5      | Found a sparkling altar of Nemelex Xobeh.
  4625 | D:5      | Reached skill level 6 in Axes
  4627 | D:5      | Found a radiant altar of Vehumet.
  4794 | D:5      | Reached XP level 8. HP: 67/70 MP: 8/8
  4819 | D:5      | Found Qekick's Antique Armour Emporium.
  5220 | D:6      | Found an ornate altar of the Wu Jian Council.
  5228 | D:6      | Reached skill level 7 in Axes
  5348 | D:6      | Found a glowing drain.
  5422 | Sewer    | Entered a sewer
  5491 | Sewer    | Reached skill level 8 in Axes
  5753 | Sewer    | Reached XP level 9. HP: 79/79 MP: 9/9
  5977 | D:6      | Found a staircase to the Ecumenical Temple.
  5988 | Temple   | Entered the Ecumenical Temple
  6322 | D:6      | Found a sparkling altar of Nemelex Xobeh.
  6423 | D:6      | Reached skill level 9 in Axes
  7028 | D:7      | Found a glowing golden altar of the Shining One.
  7096 | D:7      | Found a sand-covered staircase.
  7102 | Ossuary  | Entered an ossuary
  7768 | D:7      | Found an iron altar of Okawaru.
  7774 | D:7      | Became a worshipper of Warmaster Okawaru
  7797 | D:7      | Reached skill level 10 in Axes
  8126 | D:7      | Found a hide-covered altar of Uskayaw.
  8143 | D:7      | Paralysed by fainting for 6 turns
  8312 | D:7      | Reached XP level 10. HP: 88/88 MP: 10/10
  8390 | D:8      | Reached * piety under Okawaru
  8396 | D:8      | Noticed a queen ant
  8415 | D:8      | Killed a queen ant
  8907 | D:8      | Noticed Pikel
  8922 | D:8      | Killed Pikel
  8922 | D:8      | Reached ** piety under Okawaru
  8922 | D:8      | Reached skill level 11 in Axes
  9081 | D:8      | Upgraded the game from 0.26-a0-21-gf97e55dc39 to
                  | 0.26-a0-30-g56b8cd3df0
  9187 | D:8      | Reached skill level 1 in Invocations
  9309 | D:8      | Found a staircase to the Lair.
  9340 | D:8      | Reached *** piety under Okawaru
  9759 | D:8      | Reached XP level 11. HP: 82/97 MP: 13/13
 10237 | D:8      | Noticed a two-headed ogre
 10248 | D:8      | Killed a two-headed ogre
 10248 | D:8      | Reached **** piety under Okawaru
 10248 | D:8      | Received a gift from Okawaru
 10248 | D:8      | Reached skill level 10 in Shields
 10253 | D:8      | Upgraded the game from 0.26-a0-30-g56b8cd3df0 to
                  | 0.26-a0-54-g15ccc7ae60
 10890 | D:8      | Reached skill level 12 in Axes
 11123 | D:9      | Noticed Harold
 11348 | D:9      | Got a warped chain mail
 11349 | D:9      | Identified the +4 chain mail "Tubesopu" {rN++ Int+4} (You
                  | found it on level 9 of the Dungeon)
 11617 | D:9      | Noticed a manticore
 11630 | D:9      | Killed a manticore
 11630 | D:9      | Reached skill level 5 in Invocations
 11895 | D:9      | Killed Harold
 11909 | D:9      | Reached ***** piety under Okawaru
 11909 | D:9      | Reached skill level 10 in Fighting
 12183 | D:9      | Found an opulent altar of Gozag.
 12280 | D:9      | Found a runed translucent door.
 12307 | D:9      | Received a gift from Okawaru
 12329 | D:9      | Found a shimmering altar of Xom.
 12369 | D:9      | Found a shadowy altar of Dithmenos.
 12443 | D:9      | Found a basalt altar of Yredelemnul.
 12500 | D:9      | Reached XP level 12. HP: 104/106 MP: 16/16
 12582 | D:9      | Found a shimmering altar of Xom.
 12598 | D:9      | Reached skill level 10 in Armour
 12613 | D:9      | Found a shadowy altar of Dithmenos.
 12731 | D:10     | Entered Level 10 of the Dungeon
 12733 | D:10     | Noticed Grum
 12744 | D:10     | Killed Grum
 12763 | D:10     | Upgraded the game from 0.26-a0-54-g15ccc7ae60 to
                  | 0.26-a0-58-g79b31b8662
 12909 | D:10     | Reached skill level 1 in Throwing
 12952 | D:10     | Noticed a two-headed ogre
 12971 | D:10     | Killed a two-headed ogre
 13006 | D:10     | Noticed Maurice
 13110 | D:10     | Found a portal to a secret trove of treasure.
 13121 | D:10     | Reached skill level 13 in Axes
 13182 | D:10     | Killed Maurice
 13351 | D:11     | Found a flagged portal.
 13366 | Bailey   | Entered a bailey
 13422 | Bailey   | Received a gift from Okawaru
 14191 | D:11     | Reached skill level 1 in Evocations
 14206 | D:11     | Found a staircase to the Orcish Mines.
 14991 | Lair:1   | Entered Level 1 of the Lair of Beasts
 15214 | Lair:1   | Reached XP level 13. HP: 102/116 MP: 18/18
 15412 | Lair:1   | Found a transporter.
 15452 | Lair:1   | Found a transporter.
 15528 | Lair:1   | Got a spiked buckler
 15538 | Lair:1   | Identified the +3 buckler of Distant Shores {rN++ rCorr
                  | Dex+3} (You found it on level 1 of the Lair of Beasts)
 15809 | Lair:1   | Received a gift from Okawaru
 15818 | Lair:1   | HP: 5/116 [poisoned by a spiny frog]
 15823 | Lair:1   | HP: 5/116 [poisoned by a spiny frog]
 15830 | Lair:1   | HP: 5/116 [poisoned by a spiny frog]
 15838 | Lair:1   | HP: 5/116 [poisoned by a spiny frog]
 16754 | Lair:2   | Upgraded the game from 0.26-a0-58-g79b31b8662 to
                  | 0.26-a0-61-g6c07f0ee8d
 16760 | Lair:2   | Found a staircase to the Swamp.
 17026 | Lair:2   | Reached skill level 14 in Axes
 18052 | Orc:1    | Entered Level 1 of the Orcish Mines
 18230 | Orc:1    | Received a gift from Okawaru
 18233 | Orc:1    | Got a jewelled hand axe {god gift}
 18290 | Orc:1    | Identified the +6 hand axe of Light {vamp, +Fly Str+3 Int+3
                  | Dex+4} (Okawaru gifted it to you on level 1 of the Orcish
                  | Mines)
 18541 | Orc:2    | Entered Level 2 of the Orcish Mines
 18609 | Orc:2    | Found Yryos's Antique Armour Shop.
 18668 | Orc:2    | Bought a heavily runed plate armour for 840 gold pieces
 18668 | Orc:2    | Bought a pair of runed gloves for 225 gold pieces
 18707 | Orc:2    | Identified the cursed +1 plate armour of Lies {rF+++ rN+
                  | Int+3 Stlth-} (You bought it in a shop on level 2 of the
                  | Orcish Mines)
 18775 | Orc:2    | Reached XP level 14. HP: 112/127 MP: 14/20
 18780 | Orc:2    | Noticed an orc warlord
 18803 | Orc:2    | Gained mutation: You expend magic power (3 MP) to
                  | strengthen your wands. [potion of mutation]
 18803 | Orc:2    | Gained mutation: You have an increased reservoir of magic.
                  | (+10% MP) [potion of mutation]
 18814 | Orc:2    | Paralysed by an orc sorcerer for 6 turns
 18822 | Orc:2    | Found Ciummiov's General Store.
 18835 | Orc:2    | HP: 3/127 [orc warlord/+0 broad axe (17)]
 18839 | Orc:2    | Slain by an orc knight

Illustrated notes

Levels and vault maps discovered:
D:1:      nicolae_arrival_somewhat_less_tricky_arrival, layout_basic
D:2:      layout_basic, old_standard_altar, nicolae_overflow_crystal_walls,
          fedhas_altar_3, kiku_gazebo_garden_becter, minmay_bisected,
          uniq_crazy_yiuf_cottage
D:3:      layout_basic
D:4:      layout_loops_corners, first_ration, minmay_misc_feat_secret_circle,
          dk_rats_in_the_wall
D:5:      layout_basic, grunt_temple_overflow_open, serial_shops, shop
D:6:      layout_loops_cross, kennysheep_mini_moat, minmay_temple_entry_grid,
          gup_sewer_entry_bubbles, minmay_hedge_maze,
          nemelex_lonely_heart_becter
D:7:      layout_loops_ring, lemuel_crystal_altar, okawaru_humans,
          eat_drink_and_be_merry_uskayaw, gup_ossuary_entry_pyramid,
          grunt_decor_clamped
D:8:      layout_loops_corners, lair_entry_dummy, david_nohive_1,
          hangedman_abyss_or_decor_jellyfish_corner, zaba_anthell, uniq_pikel
D:9:      due_megacathedral, layout_long_grid, uniq_harold
D:10:     layout_cave_pools, nicolae_trove_entry_path_of_doom, uniq_grum,
          uniq_maurice
D:11:     layout_long_grid, zombieorc2_lemuel, enter_bailey_3
Temple:   minmay_temple_bridge_abc
Lair:1:   gammafunk_cloud_chamber, layout_regular_city
Lair:2:   layout_cave_shapes, swamp_mist_pool
Lair:3:   layout_misc_corridors, spider_nest_entry_web_field,
          lemuel_fruit_fields
Orc:1:    layout_caves, mines4_lemuel
Orc:2:    grunt_orc_gardens, layout_caves, grunt_orc_garden, grunt_orc_garden,
          grunt_orc_garden, grunt_orc_garden, nicolae_orc_rockfall,
          uniq_josephine

Skill      XL: |  1  2  3  4  5  6  7  8  9 10 11 12 13 14 |
---------------+-------------------------------------------+-----
Axes           | 3 4 5 6 8 10 11 12 13 14 | 14.6
Fighting       | 4 5 6 7 8 9 10 11 12 | 12.4
Armour         | 4 5 6 7 8 9 10 11 | 11.4
Shields        | 4 5 6 8 9 11 12 13 | 13.8
Dodging        | 1 2 |  2.5
Invocations    | 3 5 7 9 |  9.4
Throwing       | 1 |  1.2
Evocations     | 1 3 4 |  4.2
Stealth        | |  0.4

Action                   |  1- 3 |  4- 6 |  7- 9 | 10-12 | 13-15 || total
-------------------------+-------+-------+-------+-------+-------++-------
Melee: War axe           |   119 |   308 |   572 |  1022 |   292 ||  2313
       Hand axe          |       |       |       |       |   137 ||   137
Throw: Boomerang         |       |       |     3 |    23 |       ||    26
Invok: Heroism           |       |       |       |    23 |    10 ||    33
       Finesse           |       |       |       |       |     2 ||     2
Evoke: Wand              |       |       |       |     1 |       ||     1
  Use: Potion            |       |     1 |     8 |     3 |     7 ||    19
       Scroll            |       |       |    13 |     2 |     7 ||    22
  Eat: Chunk             |     1 |    10 |    12 |    14 |     8 ||    45
       Ration            |       |       |     2 |     4 |     1 ||     7
Armor: Scale mail        |    61 |    46 |       |       |       ||   107
       Chain mail        |       |   136 |   243 |   314 |   160 ||   853
       Plate armour      |       |       |       |       |    25 ||    25
Dodge: Dodged            |    25 |    64 |   259 |   486 |   241 ||  1075
       Repelled          |       |       |       |    51 |     1 ||    52
Block: Kite shield       |    75 |   152 |   341 |   910 |   389 ||  1867

Table legend:
 A = Non-vault XP
 B = Vault XP
 C = Vault XP percentage of total XP
 D = Non-vault monster count
 E = Vault monster count
 F = Vault count percentage of total count
                 A         B        C        D         E       F
            +---------+---------+-------+---------+---------+-------
      Total |   37268 |   20193 |  35.1 |     449 |     247 |  35.5
            +---------+---------+-------+---------+---------+-------
        D:1 |      59 |       0 |   0.0 |      30 |       0 |   0.0
        D:2 |      70 |      56 |  44.4 |      22 |       4 |  15.4
        D:3 |     140 |       0 |   0.0 |      25 |       0 |   0.0
        D:4 |     554 |       0 |   0.0 |      29 |       0 |   0.0
        D:5 |     561 |       0 |   0.0 |      13 |       0 |   0.0
        D:6 |    1433 |      14 |   1.0 |      39 |       6 |  13.3
        D:7 |     892 |     557 |  38.4 |      20 |       4 |  16.7
        D:8 |    2616 |    5648 |  68.3 |      27 |      56 |  67.5
        D:9 |    5078 |    2650 |  34.3 |     110 |       7 |   6.0
       D:10 |    2019 |    1203 |  37.3 |      18 |       5 |  21.7
       D:11 |    4093 |     818 |  16.7 |      23 |      40 |  63.5
     Lair:1 |    6012 |     820 |  12.0 |      24 |       7 |  22.6
     Lair:2 |    5120 |       0 |   0.0 |      16 |       0 |   0.0
     Lair:3 |    5406 |       0 |   0.0 |      15 |       0 |   0.0
      Orc:1 |    2436 |       0 |   0.0 |      23 |       0 |   0.0
      Orc:2 |     779 |    6823 |  89.8 |      15 |      18 |  54.5
      Sewer |       0 |     342 | 100.0 |       0 |      52 | 100.0
    Ossuary |       0 |     177 | 100.0 |       0 |      16 | 100.0
     Bailey |       0 |    1085 | 100.0 |       0 |      32 | 100.0
            +---------+---------+-------+---------+---------+-------
